 Dungeon Crawl Stone Soup version 0.29.1-13-g9f3cf754e1 (webtiles) character file.

Game seed: 1346461928339255140

150 KittyFluff the Cudgeller (level 5, -3/33 HPs)
             Began as a Gargoyle Berserker on Feb 5, 2023.
             Was a Believer of Trog.
             Slain by an orc
             ... wielding a +0 short sword of distortion
              (17 damage)
             ... on level 4 of the Dungeon.
             The game lasted 00:11:44 (3119 turns).

KittyFluff the Cudgeller (Gargoyle Berserker)       Turns: 3119, Time: 00:11:45

Health: -3/33      AC:  9    Str: 21    XL:     5   Next: 32%
Magic:  5/5        EV: 12    Int:  7    God:    Trog [**....]
Gold:   120        SH:  0    Dex: 11    Spells: 4/4 levels left

rFire   . . .      SeeInvis .   a - +0 mace
rCold   . . .      Faith    .   (no shield)
rNeg    + . .      Spirit   .   q - +0 leather armour
rPois   ∞          Reflect  .   j - +1 helmet
rElec   +          Harm     .   (no cloak)
rCorr   .          Rampage  .   (no gloves)
Will    .....                   (no boots)
Stlth   +.........              (no amulet)
HPRegen 0.11/turn               (no ring)
MPRegen 0.09/turn               (no ring)

@: no status effects
A: sickness immunity, AC +4, negative energy resistance 1, electricity
resistance, torment resistance 1, petrification resistance
a: Renounce Religion, Berserk, Trog's Hand


You were on level 4 of the Dungeon.
You worshipped Trog.
Trog was pleased with you.
You visited 1 branch of the dungeon, and saw 4 of its levels.

You collected 120 gold pieces.

Inventory:

Hand Weapons
 a - a +0 mace (weapon)
 b - a +0 dire flail
 d - a +0 sling
Missiles
 e - 22 stones (quivered)
 f - 8 poisoned darts
Armour
 h - a +0 scale mail
 j - a +1 helmet (worn)
 m - the +1 robe of Geynn {*Corrode +Blink rC+++ Str-3}
   (You found it on level 2 of the Dungeon)

   Str:       It affects your strength (-3).
   rC:        It renders you almost immune to cold.
   +Blink:    It lets you blink.
   *Corrode:  It may corrode you when you take damage.
 q - a +0 leather armour (worn)
Wands
 s - a wand of polymorph (7)
Scrolls
 k - a scroll of poison {unknown}
 n - a scroll of blinking {unknown}
 o - a scroll of enchant armour {unknown}
 p - a scroll of amnesia {unknown}
Potions
 c - 2 potions of ambrosia {unknown}
 g - 2 potions of curing {unknown}
 i - 2 potions of degeneration {unknown}
 l - a potion of flight {unknown}
 r - a potion of mutation {unknown}
 t - 2 potions of lignification {unknown}
 u - a potion of haste {unknown}
 v - a potion of brilliance {unknown}


   Skills:
 + Level 4.0 Fighting
 + Level 4.2 Maces & Flails
 * Level 3.2 Armour
 + Level 2.1 Dodging
 + Level 1.4 Stealth


You had 4 spell levels left.
You didn't know any spells.
Your spell library was empty.

Dungeon Overview and Level Annotations

Branches:
Dungeon (4/15)
 Temple: D:4-7

Altars:


Innate Abilities, Weirdness & Mutations

You are immune to sickness and miasma.
Your stone body is resilient. (AC +4)
You are immune to poison.
You resist negative energy. (rN+)
You are resistant to electric shocks. (rElec)
You are resistant to unholy torment.
You are immune to petrification.


Message History

You see here a +0 spear.
There is a stone staircase leading down here.
You climb downwards.
Found a silvery potion.
There is a stone staircase leading up here.
v - a silvery potion
Found 3 stones.
e - 22 stones (gained 3)
Found a glowing falchion.
Found a robe.
Found 5 gold pieces.
You see here a +1 falchion of flaming.
You see here a +0 robe.
Found a bubbling blue potion.
You now have 105 gold pieces (gained 5).
You hear a distant slurping noise.
t - 2 bubbling blue potions (gained 1)
Found 15 gold pieces.
A hobgoblin comes into view.
An orc comes into view.
It is wielding a +0 short sword of distortion.
Found a stone staircase leading down.
The hobgoblin shouts!
The hobgoblin attacks as you move away! The hobgoblin closely misses you.
The orc shouts!
You see here 15 gold pieces.
You now have 120 gold pieces (gained 15).
The hobgoblin hits you but does no damage.
The orc hits you but does no damage.
You blink.
There is a stone staircase leading down here.
The hobgoblin closely misses you.
You barely miss the hobgoblin. The hobgoblin barely misses you.
The orc hits you with a +0 short sword of distortion.
Space warps horribly around you!
Ouch! That really hurt!
You hit the hobgoblin but do no damage. The hobgoblin misses you.
The orc barely misses you.
You closely miss the orc. The orc hits you but does no damage.
Space warps horribly around you!
Ouch! That really hurt!
You die...

#.......#
+.......#
#.......#
#.......#
+.......+
#.......#
#.......#+####.
#....go........
#....@.>.......
#..............
#..............
#..............
#..............
######+#....###
....# ....#
....#


You could see an orc and a hobgoblin.

Vanquished Creatures
  An orc priest (D:3)
  Ijyb (D:3)
  3 adders
  A worm (D:2)
  9 orcs (D:3)
  5 bats (D:1)
  6 endoplasms
  7 hobgoblins
  3 quokkas
  3 ball pythons
  2 frilled lizards
  5 goblins
  4 kobolds
  5 rats
55 creatures vanquished.

Notes
Turn   | Place    | Note
-------+----------+-------------------------------------------
     0 | D:1      | KittyFluff the Gargoyle Berserker began the quest for the
                  | Orb.
     0 | D:1      | Reached XP level 1. HP: 14/14 MP: 1/1
   104 | D:1      | Reached XP level 2. HP: 19/19 MP: 2/2
   611 | D:1      | Reached XP level 3. HP: 23/24 MP: 3/3
   686 | D:2      | Reached ** piety under Trog
   757 | D:2      | Found a faded altar of an unknown god.
   775 | D:2      | Identified the +5 dagger "Irrall" {vorpal, Will++ Str-2}
   944 | D:2      | Identified the +1 robe of Geynn {*Corrode +Blink rC+++
                  | Str-3}
  1835 | D:3      | Reached XP level 4. HP: 20/29 MP: 4/4
  2160 | D:3      | Reached skill level 1 in Stealth
  2490 | D:3      | Reached XP level 5. HP: 33/33 MP: 5/5
  2491 | D:3      | Noticed Ijyb
  2503 | D:3      | Killed Ijyb
  3119 | D:4      | Slain by an orc

Illustrated notes

Levels and vault maps discovered:
D:1:      dpeg_chamrin_arrival_tetris, layout_loops_ring
D:2:      layout_loops_ring, ebering_ecumenical_altar_sacrificial, hex_large,
          minmay_misc_feat_plants
D:3:      layout_loops_ring, lightli_corner_chamber, uniq_ijyb
D:4:      layout_gridville, tso_altar, minmay_temple_entry_crystal_x,
          chequers_serial_rivers_small_a, uniq_pikel

Skill      XL: |  1  2  3  4 |
---------------+-------------+-----
Dodging        | 2 |  2.1
Armour         | 3 |  3.2
Stealth        | 1 |  1.4
Maces & Flails | 4 |  4.2
Fighting       | 4 |  4.0

Action                   |  1- 3 |  4- 6 || total
-------------------------+-------+-------++-------
Melee: Mace              |   101 |    65 ||   166
       Punch             |     1 |     2 ||     3
       Unarmed           |       |     7 ||     7
Invok: Berserk           |       |     1 ||     1
 Stab: Sleeping          |     2 |       ||     2
Armor: Animal skin       |    40 |     9 ||    49
       Leather armour    |       |    18 ||    18
       Skin              |       |     1 ||     1
Dodge: Dodged            |    61 |    46 ||   107
